 Dungeon Crawl Stone Soup version 0.26-a0-665-gefeb406119 (webtiles) character file.

Game seed: 6856858778359643509

66 Gargoyl the Skirmisher (level 4, -8/41 HPs)
             Began as a Gnoll Abyssal Knight on Oct 15, 2020.
             Was a Believer of Lugonu.
             Killed from afar by a leopard gecko (36 damage)
             ... with an exploding inner flame
             ... hexed by the player character
             ... on level 2 of the Dungeon.
             The game lasted 00:02:27 (1698 turns).

Gargoyl the Skirmisher (Gnoll Abyssal Knight)       Turns: 1698, Time: 00:02:28

Health: -8/41      AC:  3    Str: 16    XL:     4   Next: 15%
Magic:  7/7        EV: 16    Int: 14    God:    Lugonu [**....]
Gold:   42         SH:  0    Dex: 14    Spells: 5/5 levels left

rFire    . . .     SeeInvis .   a - +1 hand axe
rCold    . . .     Faith    .   (no shield)
rNeg     . . .     Spirit   .   b - +0 leather armour
rPois    .         Reflect  .   (no helmet)
rElec    .         Harm     .   (no cloak)
rCorr    .         Rampage  .   (no gloves)
MR       .....                  (no boots)
Stlth    +.........             (no amulet)
HPRegen  0.13/turn              c - +4 ring of evasion
MPRegen  0.10/turn              (no ring)

@: no status effects
A: distributed training, fangs 1, strong nose
a: Depart the Abyss, Bend Space, Renounce Religion


You were on level 2 of the Dungeon.
You worshipped Lugonu.
Lugonu was pleased with you.
You visited 1 branch of the dungeon, and saw 2 of its levels.
You visited the Abyss 1 time.

You collected 42 gold pieces.

Inventory:

Hand Weapons
 a - a +1 hand axe (weapon)
Armour
 b - a +0 leather armour (worn)
Jewellery
 c - a +4 ring of evasion (left hand)
Scrolls
 d - 2 scrolls of teleportation
 e - a scroll of blinking
 f - a scroll of remove curse
 h - a scroll of identify {unknown}
Potions
 i - 2 potions of mutation {unknown}


   Skills:
 + Level 6.6 Fighting
 + Level 1.0 Short Blades
 + Level 1.0 Long Blades
 + Level 4.6 Axes
 + Level 1.0 Maces & Flails
 + Level 1.0 Polearms
 + Level 1.0 Staves
 + Level 1.0 Slings
 + Level 1.0 Bows
 + Level 1.0 Crossbows
 + Level 1.0 Throwing
 + Level 4.6 Armour
 + Level 2.7 Dodging
 + Level 1.0 Stealth
 + Level 1.0 Shields
 + Level 1.0 Unarmed Combat
 + Level 1.0 Spellcasting
 + Level 0.8 Conjurations
 + Level 0.8 Hexes
 + Level 0.8 Summonings
 + Level 0.8 Necromancy
 + Level 0.8 Translocations
 + Level 0.8 Transmutations
 + Level 0.8 Fire Magic
 + Level 0.8 Ice Magic
 + Level 0.8 Air Magic
 + Level 0.8 Earth Magic
 + Level 0.8 Poison Magic
 + Level 4.6 Invocations
 + Level 1.0 Evocations


You had 5 spell levels left.
You didn't know any spells.
Your spell library was empty.

Dungeon Overview and Level Annotations

Branches:
Dungeon (2/15)

Altars:


Innate Abilities, Weirdness & Mutations

Your experience applies equally to all skills.
You have very sharp teeth.
Your uncanny sense of smell can sniff out nearby items.


Message History

It was a scroll of immolation.
A rat comes into view.
The ooze hits you.
The rat moves out of view.
The leopard gecko hisses angrily.
The ooze barely misses you.
Found a stone staircase leading up.
There is a shaft here.
The ooze falls through a shaft!
The shaft crumbles and collapses.
Found 16 bolts.
The rat closely misses you.
You hit the rat but do no damage. The rat barely misses you.
You slash the rat!
You kill the rat!
Lugonu accepts your kill.
You can now bend space around yourself.
You hit the leopard gecko.
Flame seeps out of the leopard gecko.
The leopard gecko is engulfed in blazing flames.
The leopard gecko explodes!
The fiery explosion engulfs you!!!
Ouch! That really hurt!
You die...

#.........####.#.######
#.........# #.#.#
#.........# #.#.#
#.........# #.#.#
#.........# #<#.#
#.........######.#
#...?.............
########†#.#####.#
#.§@§#.# #.§○§#l#
##..§§#.# #.....#.#
#<......# #..(..###
#......# #.#....#
#.#.####


There were no monsters in sight!

Vanquished Creatures
  An adder (D:2)
  An ooze (D:1)
  3 dart slugs
  2 leopard geckos (D:1)
  2 giant cockroaches (D:1)
  6 goblins (D:1)
  2 hobgoblins (D:1)
  8 jackals (D:1)
  5 kobolds
  7 bats (D:1)
  2 frilled lizards (D:1)
  4 rats
43 creatures vanquished.

Vanquished Creatures (others)
  2 starspawn tentacles (Abyss:1)
2 creatures vanquished.

Grand Total: 45 creatures vanquished

Notes
Turn   | Place    | Note
-------+----------+-------------------------------------------
     0 | Abyss:1  | Gargoyl the Gnoll Abyssal Knight began the quest for the
                  | Orb.
     0 | Abyss:1  | Reached XP level 1. HP: 23/23 MP: 3/3
    49 | Abyss:1  | Noticed a tentacled starspawn
    66 | Abyss:1  | Noticed a starcursed mass
    68 | D:1      | Escaped the Abyss
   465 | D:1      | Reached XP level 2. HP: 29/29 MP: 5/5
   519 | D:1      | Reached * piety under Lugonu
   947 | D:1      | Reached XP level 3. HP: 29/35 MP: 6/6
  1512 | D:1      | Reached skill level 1 in Short Blades
  1512 | D:1      | Reached skill level 1 in Long Blades
  1512 | D:1      | Reached skill level 1 in Maces & Flails
  1512 | D:1      | Reached skill level 1 in Polearms
  1512 | D:1      | Reached skill level 1 in Staves
  1512 | D:1      | Reached skill level 1 in Slings
  1512 | D:1      | Reached skill level 1 in Bows
  1512 | D:1      | Reached skill level 1 in Crossbows
  1512 | D:1      | Reached skill level 1 in Throwing
  1512 | D:1      | Reached skill level 1 in Stealth
  1512 | D:1      | Reached skill level 1 in Shields
  1512 | D:1      | Reached skill level 1 in Unarmed Combat
  1512 | D:1      | Reached skill level 1 in Spellcasting
  1512 | D:1      | Reached skill level 1 in Evocations
  1672 | D:2      | Reached XP level 4. HP: 28/41 MP: 7/7
  1698 | D:2      | Reached ** piety under Lugonu
  1698 | D:2      | Killed from afar by a leopard gecko

Illustrated notes

Levels and vault maps discovered:
D:1:      dpeg_arrival_simpleton_b, layout_loops_corners,
          serial_co_window_serial, co_window_corner_a, co_window_paths_a,
          co_window_of_opportunity_a, co_window_paths_a, co_window_paths_a,
          co_window_corner_a, co_window_corner_a, co_window_cross_2,
          co_window_of_opportunity_b, co_window_of_opportunity_b,
          co_window_corner_b, co_window_broadway_a, glass_columns_a,
          glass_columns_b, glass_columns_a, solitary_fountain
D:2:      layout_basic, minivault_4, uniq_terence

Skill      XL: |  1  2  3 |
---------------+----------+-----
Short Blades   | 1 |  1.0
Long Blades    | 1 |  1.0
Maces & Flails | 1 |  1.0
Polearms       | 1 |  1.0
Staves         | 1 |  1.0
Slings         | 1 |  1.0
Bows           | 1 |  1.0
Crossbows      | 1 |  1.0
Throwing       | 1 |  1.0
Stealth        | 1 |  1.0
Shields        | 1 |  1.0
Unarmed Combat | 1 |  1.0
Spellcasting   | 1 |  1.0
Evocations     | 1 |  1.0
Fighting       | |  6.6
Axes           | |  4.6
Armour         | |  4.6
Dodging        | |  2.7
Conjurations   | |  0.8
Hexes          | |  0.8
Summonings     | |  0.8
Necromancy     | |  0.8
Translocations | |  0.8
Transmutations | |  0.8
Fire Magic     | |  0.8
Ice Magic      | |  0.8
Air Magic      | |  0.8
Earth Magic    | |  0.8
Poison Magic   | |  0.8
Invocations    | |  4.6

Action                   |  1- 3 |  4- 6 || total
-------------------------+-------+-------++-------
Melee: Hand axe          |   111 |     2 ||   113
       Bite              |     5 |       ||     5
       Punch             |     1 |       ||     1
Invok: Depart the Abyss  |     1 |       ||     1
  Use: Scroll            |       |     4 ||     4
 Stab: Sleeping          |     1 |       ||     1
Armor: Leather armour    |    23 |       ||    23
Dodge: Dodged            |   104 |     3 ||   107

Table legend: (Time is in decaauts)
 A = Elapsed time spent in this place.
 B = Non-inter-level travel time spent in this place.
 C = Inter-level travel time spent in this place.
 D = Time resting spent in this place.
 E = Time spent auto-exploring this place.
 F = Levels seen in this place.
 G = Mean time per level.
                   A        B        C        D        E       F      G
               +--------+--------+--------+--------+--------+-----+--------+
         Total |   1706 |   1672 |     34 |    114 |   1210 |   3 |  568.7 |
       Dungeon |   1638 |   1604 |     34 |    114 |   1165 |   2 |  819.0 |
         Abyss |     68 |     68 |      0 |      0 |     45 |   1 |   68.0 |
               +--------+--------+--------+--------+--------+-----+--------+

Top non-repeatable levels by time:
     D:1: 1589 daAuts
 Abyss:1: 68 daAuts
     D:2: 48 daAuts
